 Dungeon Crawl Stone Soup version 0.21.0 (webtiles) character file.

44 inmateoo the Skirmisher (level 3, -1/33 HPs)
             Began as a Formicid Wanderer on Jan 6, 2018.
             Slain by a worm (7 damage)
             ... on level 2 of the Dungeon.
             The game lasted 00:01:22 (1333 turns).

inmateoo the Skirmisher (Formicid Wanderer)         Turns: 1333, Time: 00:01:23

Health: -1/33      AC:  5    Str: 18    XL:     3   Next: 87%
Magic:  5/5        EV: 10    Int:  8    God:
Gold:   43         SH:  0    Dex: 12    Spells: 2/2 levels left

rFire    . . .     SeeInvis +   c - +0 mace
rCold    . . .     Gourm    .   (no shield)
rNeg     . . .     Faith    .   b - +0 ring mail
rPois    .         Spirit   .   (helmet unavailable)
rElec    .         Reflect  .   (no cloak)
rCorr    +         Harm     .   (no gloves)
MR       .....                  (no boots)
Stlth    +.........             (no amulet)
HPRegen  0.11/turn              f - ring of resist corrosion
MPRegen  0.09/turn              (no ring)

@: no status effects
A: permanent stasis, dig shafts and tunnels, four strong arms, antennae 3
a: Dig, Shaft Self


You were on level 2 of the Dungeon.
You were not hungry.

You visited 1 branch of the dungeon, and saw 2 of its levels.

You collected 43 gold pieces.

Inventory:

Hand Weapons
 c - a +0 mace (weapon)
 g - a +2 dagger of freezing
Missiles
 m - 6 javelins of returning (quivered)
Armour
 b - a +0 ring mail (worn)
Jewellery
 f - a ring of resist corrosion (left hand)
Scrolls
 e - a scroll of immolation {unknown}
 i - a scroll of identify {unknown}
 k - a scroll of teleportation {unknown}
 n - 3 scrolls of fear {unknown}
Potions
 h - a potion of curing {unknown}
 j - a potion of heal wounds {unknown}
 l - a potion of resistance {unknown}
Miscellaneous
 a - a phial of floods (inert)
Comestibles
 d - 2 rations
 o - a chunk of flesh


   Skills:
 - Level 5.4 Fighting
 + Level 2.0 Maces & Flails
 - Level 1.0 Throwing
 - Level 2.1 Armour
 * Level 3.1 Evocations


You had 2 spell levels left.
You didn't know any spells.

Dungeon Overview and Level Annotations

Branches:
Dungeon (2/15)

Altars:


Innate Abilities, Weirdness & Mutations

You cannot be hasted, slowed, berserked, paralysed or teleported.
You can dig through walls and to a lower floor.
Your four strong arms can wield two-handed weapons with a shield.
You have a pair of large antennae on your head. (SInv)


Message History

The worm bites you.
A worm is nearby!
You are too injured to fight recklessly!
A worm is nearby!
You are too injured to fight recklessly!
A worm is nearby!
You are too injured to fight recklessly!
You hit the worm but do no damage.
The worm is heavily wounded.
The worm bites you.
You hit the worm.
The worm is heavily wounded.
You hit the worm.
The worm is severely wounded.
The worm bites you!
* * * LOW HITPOINT WARNING * * *
You barely miss the worm.
The worm is severely wounded.
The worm bites you!
You die...

#....... #.... #....... #....#
#....... #....# #....... #....#
#....... #....# #.......
#....## #####.## #.....#######
#.# #.......@w..# #.#
####.###......# #.# #.#
######## #####.# #†# #...#.#
#######.### ######...#.#
..........+ +..........#
########.### ######...####
##.....##.# #........
...........############........


You could see a worm.

Vanquished Creatures
  An adder (D:2)
  3 dart slugs (D:1)
  A leopard gecko (D:2)
  2 bats (D:1)
  A giant cockroach (D:1)
  4 hobgoblins
  4 kobolds
  A frilled lizard (D:1)
  4 goblins
  4 rats
25 creatures vanquished.

Vanquished Creatures (collateral kills)
  A dart slug (D:1)
  A giant cockroach (D:1)
  A hobgoblin (D:1)
  A rat (D:1)
4 creatures vanquished.

Grand Total: 29 creatures vanquished

Notes
Turn   | Place    | Note
-------+----------+-------------------------------------------
     0 | D:1      | inmateoo the Formicid Wanderer began the quest for the Orb.
     0 | D:1      | inmateoo set off with: a phial of floods, a +0 ring mail, a +0 mace, a ration
     0 | D:1      | Reached XP level 1. HP: 21/21 MP: 1/1
    99 | D:1      | Reached XP level 2. HP: 4/27 MP: 3/3
   578 | D:1      | Reached XP level 3. HP: 33/33 MP: 4/4
  1333 | D:2      | Slain by a worm

Skill      XL: |  1  2  3 |
---------------+----------+-----
Evocations     | 2 3 |  3.1
Maces & Flails | 2 |  2.0
Fighting       | |  5.4
Throwing       | |  1.0
Armour         | |  2.1

Action                   || total
-------------------------++-------
Melee: Mace              ||    77
 Abil: Dig               ||     1
Evoke: Phial of floods   ||     1
  Eat: Chunk             ||     2
Armor: Ring mail         ||    38
Dodge: Dodged            ||    62
